[Event "GrandPrix_29.05"]
[Site "Chess.com"]
[Date "2020.05.29"]
[Round "8"]
[White "Igrok3069"]
[Black "temus_galaktionov"]
[Result "1/2-1/2"]
[WhiteElo "2663"]
[BlackElo "2620"]
[TimeControl "600+2"]
[EndTime "13:03:06 PDT"]
[Termination "Game drawn by agreement"]

1. d4 c6 2. Nf3 g5 3. Bxg5 Bg7 4. c4 d6 5. Nc3 Bg4 6. e3 Qa5 7. Bh4 Nd7 8. Be2 Ngf6 9. Qa4 Qc7 10. O-O Rg8 11.
Rac1 Bh8 12. Rfe1 Nb6 13. Qa5 Qc8 14. b3 h6 15. Bg3 Nh5 16. Nh4 Nxg3 17. Bxg4 Qxg4 18.
hxg3 Bf6 19. Nf3 h5 20. Ne2 h4 21. Nh2 Qe4 22. g4 Rg5 23. Qd2 O-O-O 24. Nf4 e5 25. d5 Be7 26. Qd3 Qxd3 27. Nxd3 e4 28. Nf4 Bf6 29. Red1 Kc7 30. dxc6 bxc6 31. Rc2 a5 32.
Rcd2 Bc3 33. Rc2 Bf6 34. Nh3 Rc5 35. f4 d5 36. g5 dxc4 37. Rdc1 Bg7 38. bxc4 Rd3 39.
Ng4 Ra3 40. Nhf2 Ra4 41. Nxe4 Rcxc4 42. Nef6 Bxf6 43. Nxf6 Kd6 44. f5 Rxc2 45. Rxc2 Nd5 46. Nxd5 cxd5 47. Rb2 Ke5 48. g6 fxg6 49. fxg6 Kf6 50.
Rb6+ Kg7 51. Rd6 Rxa2 52. Rxd5 Kxg6 53. Kh2 Ra3 54. Kh3 Rxe3+ 55. Kxh4 a4 56. Ra5 a3 57. g4 1/2-1/2

[Event "GrandPrix_29.05"]
[Site "Chess.com"]
[Date "2020.05.29"]
[Round "8"]
[White "Nodar_Lortkipanidze"]
[Black "AvitalBor"]
[Result "0-1"]
[WhiteElo "2577"]
[BlackElo "2733"]
[TimeControl "600+2"]
[EndTime "13:03:07 PDT"]
[Termination "AvitalBor won by resignation"]

1. e4 e5 2. Nf3 Nc6 3. d4 exd4 4. Nxd4 Nf6 5. Nxc6 bxc6 6. e5 Qe7 7. Qe2 Nd5 8.
c4 Ba6 9. b3 g5 10. Bb2 Bg7 11.
g3 O-O 12. Bg2 Rfe8 13. O-O Bxe5 14. Qxe5 Qxe5 15. Bxe5 Rxe5 16. cxd5 Bxf1 17. Kxf1 cxd5 18. Nc3 c6 19. Bf3 f5 20. h3 Kg7 21. Rd1 Rf8 22.
Rd4 Rf7 23. Ra4 d6 24. Ne2 c5 25. Ra6 Rd7 26. Nc3 d4 27. Nb5 d3 28. Rxd6 Rxd6 29. Nxd6 d2 30. Kg2 Rd5 31. Bxd5 d1=Q 32. Nxf5+ Kf8 33.
Ne3 Qc1 34. a4 h5 35. Bc4 Qc3 36. Bd5 h4 37. Bc4 Qe5 38. g4 Ke8 39. Bd5 Kd8 40.
Kg1 Kc7 41. Kg2 Qd4 42. Kg1 Qa1+ 43. Kg2 Kd6 44. Bc4 Ke5 45. Kh2 Qb1 46. Kg2 Kd4 47. Bd5 Kc3 48. Nf1 Qd3 49. Bc4 Qe4+ 50. Kg1 Qf3 51.
Ne3 Kd2 52. Bf1 Qe4 53. Bc4 Qb1+ 54. Kg2 Ke1 55. Kf3 Kd2 56. Nf1+ Ke1 57. Ne3 Qb2 58.
Ng2+ Kd2 59. Ne3 Qa1 60. Nf1+ Ke1 61. Ne3 Qf6+ 62. Nf5 Qb2 63. Ne3 Qxf2+ 64. Ke4 Qf4+ 65. Kd3 Qd4+ 66. Kc2 0-1

[Event "GrandPrix_29.05"]
[Site "Chess.com"]
[Date "2020.05.29"]
[Round "8"]
[White "Alexander_Donchenko"]
[Black "Guenplen"]
[Result "1-0"]
[WhiteElo "2731"]
[BlackElo "2504"]
[TimeControl "600+2"]
[EndTime "13:03:10 PDT"]
[Termination "Alexander_Donchenko won on time"]

1. c4 e6 2. g3 d5 3. Bg2 Nf6 4. Nf3 Be7 5. O-O O-O 6. d4 Nbd7 7.
Qc2 c6 8. Nbd2 b6 9. e4 dxc4 10. Nxc4 Bb7 11. Bg5 b5 12. Ne3 c5 13. e5 Nd5 14.
Nxd5 Bxd5 15. Bxe7 Qxe7 16. dxc5 Qxc5 17. Qxc5 Nxc5 18.
Nd4 Bxg2 19. Kxg2 Nd3 20. Nc6 a5 21. Rfd1 Nb4 22. Ne7+ Kh8 23. a3 Na6 24. Rac1 h6 25. Rd7 a4 26. Kf3 b4 27. Rc4 Rfb8 28. Kg2 Rb5 29. Nc6 bxa3 30. bxa3 Rc8 31. Rxf7 Rb3 32. Ra7 Nb8 33. Na5 Rxc4 34. Nxc4 Nc6 35. Rxa4 Rc3 36. h4 h5 37. Ne3 Nxe5 38. Ra5 Nd3 39. Rxh5+ Kg8 40. a4 Ra3 41. Ra5 Ne1+ 42. Kh3 Nd3 43. Ng4 Ra1 44. Ra8+ Kh7 45. a5 Ra2 46. Kg2 Ne1+ 47.
Kf1 Nd3 48. h5 Nb4 49. Ne5 Ra1+ 50. Kg2 Re1 51. Nf7 g6 52. h6 g5 53. Rh8+ Kg6 54. Rg8+ Kxf7 55. h7 1-0

[Event "GrandPrix_29.05"]
[Site "Chess.com"]
[Date "2020.05.29"]
[Round "8"]
[White "Arseniy_Nesterov"]
[Black "grzechu96"]
[Result "1/2-1/2"]
[WhiteElo "2325"]
[BlackElo "2476"]
[TimeControl "600+2"]
[EndTime "13:03:12 PDT"]
[Termination "Game drawn by repetition"]

1. d4 d5 2. c4 c6 3. Nf3 Nf6 4. Nc3 dxc4 5. a4 Bf5 6. e3 e6 7. Bxc4 Bb4 8. O-O O-O 9. Qe2 Nbd7 10. e4 Bg6 11. Bd3 Bh5 12. e5 Nd5 13. Nxd5 cxd5 14. Qe3 Bg6 15. Bxg6 fxg6 16. Ng5 Re8 17. f4 Rc8 18.
Qd3 Qc7 19. Be3 Qc4 20. Qxc4 Rxc4 21. Rfc1 h6 22. Nf3 Rec8 23. Rxc4 Rxc4 24. Rc1 Rxc1+ 25. Bxc1 Nb6 26. b3 Nc8 27. Kf1 Ne7 28. Ke2 Nc6 29. Kd3 Kf7 30. g4 Na5 31. Bd2 Bxd2 32. Nxd2 Nc6 33.
Kc3 a5 34. Nb1 g5 35. fxg5 hxg5 36. Na3 Na7 37. b4 b6 38. bxa5 bxa5 39. Nb5 Nc8 40. Kb3 Ke7 41. Nc7 Nb6 42. Na6 Nd7 43. Nc7 Nb6 44. Na6 Nd7 45. Nc7 Nb6 1/2-1/2

[Event "GrandPrix_29.05"]
[Site "Chess.com"]
[Date "2020.05.29"]
[Round "8"]
[White "EvgenyRomanov"]
[Black "Misterlose0"]
[Result "0-1"]
[WhiteElo "2010"]
[BlackElo "1763"]
[TimeControl "600+2"]
[EndTime "13:03:12 PDT"]
[Termination "Misterlose0 won on time"]

1. d4 Nf6 2. Nf3 c5 3. d5 g6 4.
Nc3 Bg7 5. e4 d6 6. Be2 O-O 7. Nd2 Na6 8. O-O Nc7 9. a4 b6 10.
Nc4 Ba6 11. Re1 Rb8 12. Bf4 Nd7 13. Bg3 Bxc4 14. Bxc4 a6 15. Bf1 b5 16. axb5 axb5 17. Qd2 b4 18. Nd1 Nb5 19. c3 Qb6 20. Bh4 Rfe8 21.
f4 Ra8 22. Rxa8 Rxa8 23. Bxe7 Ra2 24. Bxb5 Qxb5 25. cxb4 cxb4 26. Kh1 Nc5 27. Bxd6 Nxe4 28. Qxb4 Nxd6 29. Qxd6 Bxb2 30. Qc6 Qb4 31. Re8+ Kg7 32.
Qc8 Qxf4 33. Rg8+ Kh6 34. Qh3+ Kg5 35. Qd3 Bd4 36. g3 Qd2 37. h4+ Kh6 0-1

[Event "GrandPrix_29.05"]
[Site "Chess.com"]
[Date "2020.05.29"]
[Round "8"]
[White "Martin_Petrov2000"]
[Black "rfhfb"]
[Result "0-1"]
[WhiteElo "1993"]
[BlackElo "2128"]
[TimeControl "600+2"]
[EndTime "13:03:13 PDT"]
[Termination "rfhfb won by resignation"]

1. c4 Nf6 2. Nc3 d5 3. cxd5 Nxd5 4. g3 g6 5. Bg2 Nxc3 6. bxc3 Bg7 7. h4 c5 8. h5 Nc6 9. Rb1 Qc7 10. Qb3 b6 11. Nf3 Bb7 12. d3 e6 13. Bf4 Qd7 14. Bg5 h6 15. Be3 g5 16. O-O Rc8 17. Rfd1 O-O 18. Qa4 Rfd8 19. d4 cxd4 20. cxd4 Na5 21.
Qb4 Nc4 22. Ne5 Nxe5 23. dxe5 Qxd1+ 24. Rxd1 Rxd1+ 25. Kh2 Bxg2 26. Kxg2 Bxe5 27. Qe7 Rc7 28. Qe8+ Kg7 29. Qa8 Bf6 30. f4 Rd5 31. fxg5 Bxg5 32. Bxg5 Rxg5 33. Qf3 Rcc5 34. g4 Rxg4+ 35. Kh3 Rcg5 36.
Qc3+ e5 37. e3 Rg3+ 38. Kh2 Rg2+ 39. Kh3 Rxa2 40. Qc4 Rxh5+ 41. Kg4 Rg5+ 42. Kf3 Rag2 43. Qc7 R2g3+ 44. Ke4 R3g4+ 45. Kd5 h5 46. Qxa7 h4 47. Qxb6 h3 48. Qb2 Rg2 49. Qc1 h2 50. Qh1 Rd2+ 51.
Ke4 Rg1 52. Qf3 0-1

[Event "GrandPrix_29.05"]
[Site "Chess.com"]
[Date "2020.05.29"]
[Round "8"]
[White "AmilAbbasov"]
[Black "Volodar_Murzin"]
[Result "0-1"]
[WhiteElo "2243"]
[BlackElo "2423"]
[TimeControl "600+2"]
[EndTime "13:03:16 PDT"]
[Termination "Volodar_Murzin won by resignation"]

1. e4 g6 2. d4 Bg7 3. Nc3 d6 4. Be3 Nd7 5. Qd2 a6 6. O-O-O b5 7. h4 h5 8. Nh3 Bb7 9. Ng5 e6 10. f4 Ne7 11. Bd3 Nf6 12. Ne2 Qd7 13. Ng3 Ng4 14. Bg1 f6 15. Nh3 Bh6 16. Kb1 Rc8 17. Be2 f5 18. Bf3 fxe4 19. Bxe4 Bxe4 20. Nxe4 Nf5 21. Nhf2 Qf7 22. Nxg4 hxg4 23. Bf2 Kd7 24. g3 Ne7 25. Rhe1 Qf5 26. Qe2 Rhf8 27. Bg1 Nd5 28. Nf2 Nf6 29. Nd3 Nd5 30. Be3 Rfe8 31. Nf2 Nf6 32. Bc1 Bg7 33.
b3 Ke7 34. Bb2 Kf7 35. Ka1 Kg8 36. Rd3 Re7 37. Nd1 Nd5 38. c4 bxc4 39. bxc4 Nb4 40. Rd2 Qa5 41. Bc3 c5 42. d5 Nxa2 43. Rxa2 Bxc3+ 44. Nxc3 Qxc3+ 45. Rb2 Rb8 46. Rb1 Reb7 0-1

[Event "GrandPrix_29.05"]
[Site "Chess.com"]
[Date "2020.05.29"]
[Round "8"]
[White "Flawless_Fighter"]
[Black "mikolka1985"]
[Result "1-0"]
[WhiteElo "2312"]
[BlackElo "2308"]
[TimeControl "600+2"]
[EndTime "13:03:20 PDT"]
[Termination "Flawless_Fighter won by resignation"]

1. e4 e5 2. Nf3 Nc6 3. Bb5 a6 4. Ba4 Nf6 5. O-O Be7 6. Re1 b5 7. Bb3 d6 8. c3 O-O 9. h3 Nb8 10. d4 Nbd7 11. Nbd2 Re8 12. Bxf7+ Kh8 13. Bxe8 Qxe8 14.
Nf1 Bb7 15. Ng3 Bf8 16. a4 b4 17. cxb4 exd4 18. Nxd4 Ne5 19. b3 Qf7 20. Bb2 Ng6 21. Ndf5 Re8 22. Qd4 Ne5 23. Qa7 Bc8 24. Rad1 Nc6 25.
Qe3 Nxb4 26. Qc3 a5 27. f3 Re5 28. Qd2 Re8 29. Rc1 Be6 30. Nd4 Bxb3 31. Nxb3 Qxb3 32. Bxf6 gxf6 33. Rxc7 Nd3 34. Re3 Qb6 35. Rc3 Ne5 36. Nf5 d5 37. Qxd5 Bb4 38. Qb5 Qd8 39. Qb7 Rg8 40. Rc7 Qd1+ 41. Kh2 Nxf3+ 42. Rxf3 Bd6+ 43. Nxd6 Qxd6+ 44. Kg1 Qd4+ 45. Rf2 Qd1+ 46. Rf1 Qd4+ 47.
Kh1 Rg3 48. Rxh7+ 1-0

[Event "GrandPrix_29.05"]
[Site "Chess.com"]
[Date "2020.05.29"]
[Round "8"]
[White "Kopytkin"]
[Black "SergeyVashchilov"]
[Result "0-1"]
[WhiteElo "2107"]
[BlackElo "2082"]
[TimeControl "600+2"]
[EndTime "13:03:24 PDT"]
[Termination "SergeyVashchilov won on time"]

1. e4 e6 2. d4 d5 3. e5 c5 4.
c3 Qb6 5. Nf3 Nc6 6. Bd3 Bd7 7.
dxc5 Bxc5 8. O-O a5 9. Qe2 Nge7 10. b3 Ng6 11. Re1 O-O 12. Bg5 Ncxe5 13. Nxe5 Nxe5 14. Bc2 f6 15. Bh4 Ng6 16. Bg3 e5 17. Bxg6 hxg6 18. Qd3 Be6 19. Qxg6 Rac8 20. Nd2 Ba3 21.
h4 Rxc3 22. Nb1 Bf7 23. Qg4 Rxg3 24. Qxg3 Bb2 25. Nd2 Bxa1 26. Rxa1 Qd4 27. Rd1 Rc8 28. Qf3 Rc2 29. Nf1 Qxh4 30. Ne3 Rxa2 31. Nxd5 Bxd5 32.
Qxd5+ Kh7 33. g3 Qg4 34. Re1 Qf5 35. Rf1 Rb2 36. Qxb7 e4 37. Qa6 Rxb3 38. Qe2 Rf3 39. Re1 e3 40. Rf1 Rxf2 41. Rxf2 Qxf2+ 42. Qxf2 exf2+ 43. Kxf2 Kg6 0-1

[Event "GrandPrix_29.05"]
[Site "Chess.com"]
[Date "2020.05.29"]
[Round "8"]
[White "DinaBelenkaya"]
[Black "AliKa2810"]
[Result "0-1"]
[WhiteElo "1596"]
[BlackElo "2139"]
[TimeControl "600+2"]
[EndTime "13:03:28 PDT"]
[Termination "AliKa2810 won on time"]

1. e4 e5 2. Nf3 Nf6 3. Nc3 Nc6 4. d4 exd4 5. Nxd4 Bb4 6. Nxc6 bxc6 7. Bd3 O-O 8. O-O d5 9. exd5 cxd5 10. Bg5 c6 11. Qf3 Be7 12. h3 h6 13. Bf4 Bd6 14. Rfe1 Rb8 15. b3 Be6 16. Ne2 Re8 17. Rad1 c5 18.
c4 d4 19. Ng3 Bxf4 20. Qxf4 a5 21. Re5 Nd7 22. Re2 a4 23. Bc2 Nf6 24. Ne4 Nxe4 25.
Qxe4 axb3 26. Qh7+ Kf8 27. Bxb3 Qf6 28. Ba4 Red8 29.
Bb5 g5 30. Qe4 Ra8 31. a4 Bf5 32. Qf3 Kg7 33. Ra2 Ra5 34. Qb7 Qd6 35. Re2 h5 36. Re7 Bg6 37. Rc7 g4 38. h4 Qf6 39. Rxc5 Qxh4 40. Rd5 Be4 41. Qb6 Bxd5 42. Qxa5 Bxg2 43.
Kxg2 Qh3+ 44. Kg1 g3 45. fxg3 Qxg3+ 46. Kh1 Qh3+ 47. Kg1 Rd6 0-1

[Event "GrandPrix_29.05"]
[Site "Chess.com"]
[Date "2020.05.29"]
[Round "8"]
[White "swisspower96"]
[Black "NikolaGry"]
[Result "1-0"]
[WhiteElo "2340"]
[BlackElo "2077"]
[TimeControl "600+2"]
[EndTime "13:03:30 PDT"]
[Termination "swisspower96 won on time"]

1. d4 d5 2. c4 Nc6 3. Nc3 dxc4 4. d5 Ne5 5. Bf4 Ng6 6. Bg3 e5 7. e4 Bd6 8. Bxc4 a6 9. Nf3 Nf6 10. h4 Bg4 11. Qb3 Bxf3 12. gxf3 b5 13. Bf1 Nh5 14.
a4 O-O 15. Bh3 Ngf4 16. Bg4 bxa4 17. Qxa4 Rb8 18. Ra2 Rb6 19. Qc2 Qb8 20. Nd1 Rb3 21. O-O Qb6 22. Bxh5 Nxh5 23. Kg2 Rb8 24. Ne3 Rxb2 25.
Rxb2 Qxb2 26. Qxb2 Rxb2 27. Ra1 Nxg3 28. Kxg3 g6 29.
Rxa6 Bb4 30. h5 Be1 31. Ng4 gxh5 32. Nh6+ Kf8 33. Ra8+ Ke7 34. Nf5+ Kd7 35. Rf8 Rxf2 36. Rxf7+ Kc8 37. Rxh7 h4+ 38. Nxh4 Rf1+ 39. Kg4 Kb7 40. Ng6 Bc3 41. d6 Rg1+ 42. Kf5 Ba5 43. Nxe5 Rd1 44. Nc4 1-0

[Event "GrandPrix_29.05"]
[Site "Chess.com"]
[Date "2020.05.29"]
[Round "8"]
[White "kotmizer"]
[Black "haddinibilbaoo"]
[Result "1-0"]
[WhiteElo "2277"]
[BlackElo "2134"]
[TimeControl "600+2"]
[EndTime "13:03:30 PDT"]
[Termination "kotmizer won by resignation"]

1. e4 c5 2. Nf3 Nc6 3. Nc3 e6 4. d4 cxd4 5. Nxd4 Qc7 6. Ndb5 Qb8 7. f4 a6 8. Nd4 Bc5 9. Nb3 Ba7 10.
Qg4 g6 11. Bd2 b5 12. O-O-O Nf6 13. Qh4 Ng8 14. Bd3 Bb7 15. Rhe1 Nb4 16. Kb1 Nxd3 17. cxd3 Qd6 18. Be3 Bxe3 19. Rxe3 Qe7 20. Qf2 Nf6 21. Rh3 d5 22. Nc5 Rc8 23. Nxb7 Qxb7 24. Qd4 Ke7 25. e5 Nd7 26. f5 gxf5 27. Qh4+ Ke8 28.
d4 b4 29. Ne2 Qb5 30. Qh5 Rg8 31. Qf3 Nb6 32. Rxh7 Na4 33. Qh5 Rf8 34. Rh8 Nc3+ 35. bxc3 bxc3+ 36. Kc2 Qa4+ 37. Kc1 Qa3+ 38. Kc2 Qxa2+ 39.
Kd3 c2 40. Rxf8+ Kxf8 41. Rc1 Qa3+ 42. Kd2 Qb4+ 43. Ke3 f4+ 44. Kf2 Qc3 45. Qh6+ Ke8 46. Nxc3 1-0

[Event "GrandPrix_29.05"]
[Site "Chess.com"]
[Date "2020.05.29"]
[Round "8"]
[White "ploky25"]
[Black "LuckyLuka04"]
[Result "1-0"]
[WhiteElo "2142"]
[BlackElo "2134"]
[TimeControl "600+2"]
[EndTime "13:03:33 PDT"]
[Termination "ploky25 won by resignation"]

1. d4 Nf6 2. c4 a6 3. Nc3 c5 4. d5 b5 5. cxb5 axb5 6. Nxb5 Qa5+ 7. Nc3 Bb7 8. Bd2 Qb6 9. e4 e6 10. Nf3 exd5 11. exd5 Nxd5 12. Bc4 Qe6+ 13. Ne2 Ba6 14. Ng5 Qc6 15. Bxd5 Qxd5 16. O-O Be7 17. Nc3 Qf5 18. Re1 Nc6 19. g4 Qd3 20. Re3 Qd4 21. Re4 Qd3 22. Qe1 O-O 23. Rd1 Bxg5 24. Bxg5 Qh3 25. Re3 Qxg4+ 26. Rg3 Qe6 27. Qxe6 fxe6 28. Rxd7 Ne5 29. Rc7 Rf7 30. Rxf7 Kxf7 31. Ne4 Kg8 32. Nxc5 Bc4 33. a4 Bd5 34. f4 Nf3+ 35. Kf2 Nd2 36. Bf6 g6 37.
Bc3 Ne4+ 38. Nxe4 Bxe4 39. a5 Bd5 40. Rd3 Kf7 41. Ke3 Ke7 42. b4 Rc8 43. b5 Bc4 44. Bb4+ Ke8 45. Rc3 Kd7 46. b6 Ba6 47. Rxc8 Bxc8 48.
Kd4 h6 49. h4 Bb7 50. Ke5 g5 51.
fxg5 hxg5 52. hxg5 Ke8 53. Kxe6 Bc8+ 54. Kd6 1-0

[Event "GrandPrix_29.05"]
[Site "Chess.com"]
[Date "2020.05.29"]
[Round "8"]
[White "Happy1712Drummer"]
[Black "khekhm"]
[Result "0-1"]
[WhiteElo "2205"]
[BlackElo "2416"]
[TimeControl "600+2"]
[EndTime "13:03:37 PDT"]
[Termination "khekhm won by resignation"]

1. d4 Nf6 2. Nf3 g6 3. c3 Bg7 4. Bf4 O-O 5. h3 d6 6. Nbd2 Nbd7 7. e3 b6 8. Bh2 Bb7 9. a4 a5 10. Bb5 e6 11. O-O Qe7 12. Re1 e5 13. e4 Rad8 14. d5 Nh5 15. b4 f5 16. bxa5 bxa5 17. Nc4 fxe4 18. Nxa5 Ba8 19. Nd2 Nc5 20. Nxe4 Nxe4 21.
Rxe4 Nf6 22. Re1 Nxd5 23. Nc6 Qf7 24. Qd2 Rde8 25. Bg3 e4 26. Nd4 Re7 27. Nc6 Bxc6 28. Bxc6 Nxc3 29. Ra3 Qc4 30. Rxc3 Qxc3 31. Qd5+ Kh8 32.
Rxe4 Rxe4 33. Qxe4 Be5 34. Bxe5+ dxe5 35. g3 Rf6 36.
Bd5 Kg7 37. Kg2 Qd4 38. Qxd4 exd4 39. f4 Ra6 40. Bb3 Rb6 41. Bc4 Rb4 42. Bb5 Rb3 43. Kf2 Kf6 44. g4 c5 45. Bc6 Rxh3 46. a5 Ra3 0-1

[Event "GrandPrix_29.05"]
[Site "Chess.com"]
[Date "2020.05.29"]
[Round "8"]
[White "GM_Levan_Pantsulaia"]
[Black "Magicmaster17"]
[Result "1-0"]
[WhiteElo "2651"]
[BlackElo "2458"]
[TimeControl "600+2"]
[EndTime "13:03:41 PDT"]
[Termination "GM_Levan_Pantsulaia won by resignation"]

1. Nf3 d5 2. g3 g6 3. Bg2 Bg7 4. O-O Nf6 5. b3 Ne4 6. c3 c5 7. Bb2 Nc6 8. d3 Nd6 9. Nbd2 O-O 10. e4 d4 11. cxd4 Nb5 12. Rc1 Nbxd4 13. Nxd4 Bxd4 14. Bxd4 Qxd4 15. Nf3 Qd6 16. Qd2 Bg4 17. e5 Nxe5 18. Nxe5 Qxe5 19. Bxb7 Rad8 20. Rfe1 Qd6 21. Qg5 Be6 22.
Be4 Rc8 23. h4 Kg7 24. Rc2 Rc7 25. Rec1 Rfc8 26. h5 h6 27. Qe3 g5 28. f4 f5 29.
Bg2 Kf6 30. d4 gxf4 31. gxf4 Rd8 32. dxc5 Qd4 33. Kf2 Bf7 34. Bf3 e5 35. fxe5+ Qxe5 36. Qxh6+ Ke7 37. Re2 1-0

[Event "GrandPrix_29.05"]
[Site "Chess.com"]
[Date "2020.05.29"]
[Round "8"]
[White "KJakubowski"]
[Black "RaphaeI"]
[Result "1/2-1/2"]
[WhiteElo "2445"]
[BlackElo "2323"]
[TimeControl "600+2"]
[EndTime "13:03:47 PDT"]
[Termination "Game drawn by repetition"]

1. d4 Nf6 2. Nf3 d6 3. Bg5 Nbd7 4. Nbd2 h6 5. Bxf6 Nxf6 6. e4 g6 7. Bc4 Bg7 8. O-O O-O 9. Re1 c6 10. Bb3 Qc7 11. h3 e5 12. dxe5 dxe5 13. Nc4 Rd8 14.
Qe2 Nh5 15. a4 Kh7 16. Red1 Be6 17. Qe3 b6 18. Kh2 Nf4 19. Ng1 Bf8 20. g3 Bc5 21.
Qf3 Nh5 22. Kg2 Kg7 23. Rxd8 Rxd8 24. Rd1 Rxd1 25. Qxd1 Nf6 26. Nd2 Bxb3 27. cxb3 Qd6 28. Ngf3 Nxe4 29. Qe2 Nxd2 30. Nxd2 f5 31. Nc4 Qd5+ 32.
Kg1 e4 33. Kf1 b5 34. axb5 cxb5 35. Nd2 Qd4 36. g4 a6 37. gxf5 gxf5 38. Nb1 Kf6 39.
Nc3 Ke5 40. Kg2 h5 41. Nd1 h4 42. Qh5 Qd2 43. Qe8+ Kf4 44. Qh5 e3 45. Qxh4+ Ke5 46. Qh8+ Ke4 47. Qe8+ Kd3 48. Nxe3 Bxe3 49. Qxe3+ Qxe3 50.
fxe3 Kxe3 51. h4 Ke2 52. Kg3 Ke3 53. Kg2 Ke2 54. Kg3 Ke3 55. Kg2 1/2-1/2

[Event "GrandPrix_29.05"]
[Site "Chess.com"]
[Date "2020.05.29"]
[Round "8"]
[White "KruHor"]
[Black "Meizon19"]
[Result "1-0"]
[WhiteElo "2487"]
[BlackElo "2311"]
[TimeControl "600+2"]
[EndTime "13:03:51 PDT"]
[Termination "KruHor won by resignation"]

1. c4 Nf6 2. Nc3 g6 3. d4 Bg7 4. e4 d6 5. Be2 O-O 6. Be3 Nbd7 7.
Nf3 e5 8. d5 a5 9. Nd2 Nc5 10.
a3 Ne8 11. b4 Nd7 12. c5 f5 13. c6 Ndf6 14. cxb7 Bxb7 15. f3 c6 16. dxc6 Bxc6 17.
O-O d5 18. exd5 Nxd5 19. Bc4 Kh8 20. Bxd5 Bxd5 21. Nxd5 Qxd5 22. Nb3 Qxd1 23. Rfxd1 axb4 24. axb4 Rb8 25. Bc5 Rf7 26. Ra6 Kg8 27. Na5 Nc7 28. Rad6 Bf8 29. Rd8 Rxd8 30. Rxd8 Ne6 31. Re8 Nxc5 32.
bxc5 Ra7 33. Nc6 Ra1+ 34. Kf2 Kf7 35. Rxe5 Kf6 36. f4 Ra2+ 37. Kf1 Ra1+ 38. Kf2 Ra2+ 39. Kf3 Ra3+ 40. Ke2 Rc3 41. Nb8 Kf7 42. Nd7 Bg7 43. Re3 Rc2+ 44. Kd3 Rc1 45. Kd2 Rc4 46. g3 Rd4+ 47.
Rd3 Ke6 48. Nb6 Bf6 49. c6 Rxd3+ 50. Kxd3 Bd8 51. Nd7 Kd6 52. Nf8 Kxc6 53. Nxh7 Be7 54. Kd4 Kd6 55. h4 Bd8 56. Nf8 Bb6+ 57. Kd3 Bf2 58.
Nxg6 Bxg3 59. h5 1-0

[Event "GrandPrix_29.05"]
[Site "Chess.com"]
[Date "2020.05.29"]
[Round "8"]
[White "ENajer77"]
[Black "iceboy88"]
[Result "1-0"]
[WhiteElo "2358"]
[BlackElo "2391"]
[TimeControl "600+2"]
[EndTime "13:03:53 PDT"]
[Termination "ENajer77 won by resignation"]

1. d4 Nf6 2. c4 e6 3. Nc3 Bb4 4. Nf3 d5 5. Qa4+ Nc6 6. Bd2 O-O 7. e3 Bd7 8. Qc2 dxc4 9. Bxc4 Na5 10. Be2 c5 11. a3 Bxc3 12. Qxc3 b6 13. dxc5 Ne4 14.
Qc2 Nxd2 15. Nxd2 Rc8 16. b4 Nb7 17. Ba6 Bc6 18. O-O Qg5 19. e4 Rc7 20. cxb6 axb6 21.
b5 Nc5 22. bxc6 Nxa6 23. Rab1 Qa5 24. Nc4 Rxc6 25. Nxa5 Rxc2 26. Rxb6 Ra8 27. Nb7 h6 28. a4 Nc5 29. Rc6 Nxb7 30. Rxc2 Rxa4 31. Rc8+ Kh7 32. Rc7 Nd6 33. e5 Nc4 34. Rxf7 Nxe5 35. Re7 Ra6 36. Re1 Nd3 37. R7xe6 Ra5 38. Rd1 Nf4 39.
Re4 g5 40. g3 Nh5 41. Re6 Rf5 42. Rd7+ 1-0

[Event "GrandPrix_29.05"]
[Site "Chess.com"]
[Date "2020.05.29"]
[Round "8"]
[White "Saqo007"]
[Black "VojtechPlat"]
[Result "0-1"]
[WhiteElo "2117"]
[BlackElo "2343"]
[TimeControl "600+2"]
[EndTime "13:03:56 PDT"]
[Termination "VojtechPlat won by resignation"]

1. d4 d6 2. Nf3 Bg4 3. g3 c6 4. Bg2 Nd7 5. O-O Ngf6 6. h3 Bh5 7. g4 Bg6 8. Bf4 h5 9. g5 Nd5 10. Bh2 e6 11. h4 Qb6 12. Qc1 c5 13.
dxc5 Nxc5 14. c3 Rc8 15. b3 Be7 16. c4 Ne4 17. Qb2 Ndf6 18. Nbd2 Nxd2 19. Nxd2 Ng4 20. Qxg7 Rh7 21. Qb2 f6 22. Bf4 e5 23. gxf6 Bxf6 24.
Bg5 Bxg5 25. hxg5 Rf7 26. Bf3 Qd8 27. Bd5 Rf5 28. f4 exf4 29. Qg7 Ne5 30. Qg8+ Kd7 31. Be6+ Ke7 32. Qxd8+ Rxd8 33. Bxf5 Bxf5 34. Nf3 Rg8 35. Kf2 Ng4+ 36. Ke1 Ne3 37. Rh1 Nc2+ 38. Kd2 Nxa1 39. Rxa1 Bg4 40. Rg1 Ke6 41. Nd4+ Ke5 42. Kd3 a6 43. a4 d5 44. c5 Bd7 45. Nf3+ Ke6 46. Kd4 Bc6 47. Ne5 Kf5 48. g6 Kf6 49. Rh1 Rh8 50. Rh4 Kg7 51. Rxf4 Be8 52. Rf5 h4 53. Rf1 h3 54. Rh1 Rh5 55. Rh2 Bxg6 56. Nxg6 Kxg6 57.
b4 Kf6 58. b5 axb5 59. axb5 Ke6 60. c6 bxc6 61. bxc6 Kd6 62. e3 Rh4+ 63. Kd3 Kxc6 64. Ke2 Kd6 65. Kf3 Ke5 66. Kg3 Rh8 67. Kf3 Rh7 68. Kf2 Ke4 69. Ke2 Rh8 70. Rh1 h2 71. Kf2 Rh7 72. Ke2 Ra7 73. Kf2 Ra2+ 74. Kg3 Kxe3 75.
Re1+ Re2 76. Rd1 d4 77. Rf1 d3 0-1

[Event "GrandPrix_29.05"]
[Site "Chess.com"]
[Date "2020.05.29"]
[Round "8"]
[White "PlayChessSimple"]
[Black "Alex_Krayz"]
[Result "0-1"]
[WhiteElo "2189"]
[BlackElo "2176"]
[TimeControl "600+2"]
[EndTime "13:04:02 PDT"]
[Termination "Alex_Krayz won on time"]

1. e4 e6 2. d4 d5 3. e5 c5 4. c3 Nc6 5. Nf3 Bd7 6. Be2 f6 7. O-O fxe5 8. dxe5 Qc7 9. c4 d4 10. Re1 O-O-O 11. Bd3 h6 12. Na3 a6 13. Bf4 g5 14.
Bg3 Bg7 15. Nc2 Nge7 16. b4 cxb4 17. Ncxd4 g4 18. Nxc6 Bxc6 19. Nh4 Rd4 20. Qb3 Rhd8 21. Be2 Qa5 22. Qe3 Re4 23. Qc1 Qc5 24. Bf1 Rxe1 25.
Qxe1 Qd4 26. Rb1 Qc3 27. Qe2 h5 28. Rb3 Qc1 29. h3 Rd1 30. f3 gxh3 31. gxh3 Bh6 32. Rd3 Rxd3 33. Qxd3 Qe3+ 34. Qxe3 Bxe3+ 35. Bf2 Bf4 36. Bc5 Bg5 37. Ng2 Nf5 38. Bxb4 Bxf3 39. Bd3 h4 40. Kf2 Bc6 41. Be2 Kd7 42. Bg4 Ng3 43. Ne3 Ne4+ 44. Ke2 Bf4 45. Ng2 Bg3 46. Bf3 b6 47. a3 b5 48. cxb5 Bxb5+ 49. Ke3 Ng5 50. Bd6 Nxf3 51. Kxf3 Bc6+ 0-1

[Event "GrandPrix_29.05"]
[Site "Chess.com"]
[Date "2020.05.29"]
[Round "8"]
[White "EvgenyPigusov"]
[Black "Winawer81"]
[Result "1-0"]
[WhiteElo "2304"]
[BlackElo "2151"]
[TimeControl "600+2"]
[EndTime "13:04:06 PDT"]
[Termination "EvgenyPigusov won by resignation"]

1. Nf3 Nf6 2. c4 b6 3. g3 Bb7 4.
Bg2 e6 5. O-O Be7 6. Nc3 O-O 7.
Re1 d5 8. cxd5 Nxd5 9. e4 Nxc3 10. bxc3 Nc6 11. d4 Na5 12. Ne5 Bd6 13. Bf4 Qe7 14.
h4 f6 15. Nd3 e5 16. Bc1 Rad8 17. a4 Kh8 18. Qc2 Rfe8 19. f4 exf4 20. gxf4 f5 21.
e5 Qxh4 22. Bxb7 Nxb7 23. Qg2 Bf8 24. Re3 Na5 25. Nf2 Qh5 26. Rh3 Qe2 27. Qg6 h6 28. Ba3 c5 29. Qxf5 Nc4 30. Ng4 Nxa3 31. Qg6 Re7 32.
f5 Qe4 33. Rg3 Qd5 34. f6 gxf6 35. exf6 Rh7 36. Ne5 Nc4 37. f7 Bg7 38. Nxc4 Qxc4 39. Re1 Rf8 40. Re8 Qe6 41. Rxf8+ 1-0

[Event "GrandPrix_29.05"]
[Site "Chess.com"]
[Date "2020.05.29"]
[Round "8"]
[White "ebret"]
[Black "esskeettit"]
[Result "0-1"]
[WhiteElo "1992"]
[BlackElo "2110"]
[TimeControl "600+2"]
[EndTime "13:04:14 PDT"]
[Termination "esskeettit won by resignation"]

1. d4 Nf6 2. Nf3 e6 3. Bf4 d5 4. e3 Bd6 5. Nbd2 c5 6. dxc5 Bxc5 7. c4 Nc6 8. a3 a6 9. Be2 O-O 10. O-O b6 11. Rc1 Bb7 12. b4 Be7 13. Qb3 dxc4 14. Nxc4 b5 15. Nce5 Nxe5 16. Bxe5 Rc8 17. Rcd1 Bd5 18.
Qb2 Qb6 19. Nd2 Rfd8 20. Bf3 Bxf3 21. Nxf3 a5 22. Bd4 Qa6 23. bxa5 Qxa5 24. Rb1 Rd5 25. e4 Nxe4 26. Bxg7 Qxa3 27. Qxa3 Bxa3 28. Bh6 Be7 29.
Rfd1 Rxd1+ 30. Rxd1 b4 31. Rd3 Rc3 32. Rd7 Bg5 33.
Bxg5 Nxg5 34. Ne1 b3 35. Rb7 Ne4 36. Kf1 Rc1 37. Ke2 Nc5 38. Rb8+ Kg7 39. Kd2 b2 40. Rxb2 Rxe1 41. Rc2 Re5 42. f4 Rd5+ 43. Ke3 Nd7 44. Rc7 Nf6 45. h3 Ra5 46. Rc2 Nd5+ 47. Kf3 Ra3+ 48.
Ke4 Ra4+ 49. Ke5 Rxf4 50. Rd2 Rf5+ 51. Kd6 Nf6 52. Ra2 Ne4+ 53. Ke7 Rf2 54. Ra4 Nf6 55.
g4 Nd5+ 56. Ke8 Nf4 57. h4 Nd5 58. g5 Rf4 59. Ra7 Kg6 0-1